 Dungeon Crawl Stone Soup version 0.27-a0-1278-g6cbc8dfb29 (webtiles) character file.

Game seed: 11954276646728691778

336 spiderkeys the Skirmisher (level 6, 0/49 HPs)
             Began as a Formicid Abyssal Knight on June 13, 2021.
             Was a Priest of Lugonu.
             Slain by a killer bee (5 damage)
             ... on level 4 of the Dungeon.
             The game lasted 00:08:09 (4904 turns).

spiderkeys the Skirmisher (Formicid Abyssal Knight) Turns: 4904, Time: 00:08:09

Health: 0/49       AC: 10    Str: 19    XL:     6   Next: 84%
Magic:  9/9        EV:  7    Int: 11    God:    Lugonu [***...]
Gold:   176        SH:  3    Dex: 10    Spells: 5/5 levels left

rFire    . . .     SeeInvis +   b - +2 hunting sling (freeze)
rCold    . . .     Faith    .   r - +0 buckler
rNeg     . . .     Spirit   .   x - +0 chain mail
rPois    .         Reflect  .   (helmet unavailable)
rElec    .         Harm     .   d - scarf {+Inv}
rCorr    .         Rampage  .   m - +0 pair of gloves
Will     .....                  (no boots)
Stlth    ..........             (no amulet)
HPRegen  0.16/turn              (no ring)
MPRegen  0.11/turn              (no ring)

@: lethally poisoned (0 -> -19)
A: permanent stasis, dig shafts and tunnels, antennae 3, four strong arms
a: Dig, Shaft Self, Renounce Religion, Evoke Invisibility, Depart the Abyss,
Bend Space, Banish


You were on level 4 of the Dungeon.
You worshipped Lugonu.
Lugonu was most pleased with you.
You visited 1 branch of the dungeon, and saw 4 of its levels.
You visited the Abyss 1 time.

You collected 176 gold pieces.


Innate Abilities, Weirdness & Mutations

You cannot be hasted, slowed, berserked, paralysed or teleported.
You can dig through walls and to a lower floor.
You have a pair of large antennae on your head. (SInv)
Your four strong arms can wield two-handed weapons with a shield.


   Skills:
 + Level 4.5 Fighting
 + Level 3.4 Polearms
 + Level 3.7 Armour
 - Level 1.1 Dodging
 + Level 4.0 Invocations
 + Level 2.5 Evocations


You had 5 spell levels left.
You didn't know any spells.
Your spell library was empty.

Inventory:

Hand Weapons
 a - a +1 spear
 b - a +2 hunting sling of freezing (weapon)
   (You found it on level 2 of the Dungeon)
Missiles
 e - 95 stones
 f - 7 boomerangs
 i - 23 arrows
 u - 28 sling bullets (quivered ammo)
 y - 9 bolts
 A - 4 atropa-tipped darts
Armour
 d - a scarf of invisibility (worn)
   (You found it on level 1 of the Dungeon)
 h - a +0 leather armour
 j - a +0 plate armour
   (You took it off a hobgoblin on level 2 of the Dungeon)
 m - a +0 pair of gloves (worn)
   (You found it on level 3 of the Dungeon)
 r - a +0 buckler (worn)
   (You took it off a goblin on level 3 of the Dungeon)
 x - a +0 chain mail (worn)
   (You took it off Terence on level 3 of the Dungeon)
Scrolls
 l - a scroll of magic mapping {unknown}
 o - a scroll of identify {unknown}
 q - a scroll of teleportation {unknown}
 s - a scroll of holy word {unknown}
 v - a scroll of amnesia {unknown}
 w - a scroll of torment {unknown}
Potions
 c - a potion of invisibility
 g - a potion of heal wounds {unknown}
 k - a potion of curing {@q1}
 n - 2 potions of might {unknown}
 p - a potion of degeneration {unknown}
 t - a potion of cancellation {unknown}
 z - a potion of brilliance {unknown}
 B - a potion of flight {unknown}

Dungeon Overview and Level Annotations

Branches:
Dungeon (4/15)
 Temple: D:4-7

Altars:
Qazlal
Sif Muna

Shops:
D:3 (

Annotations:
D:3 3 runed translucent doors, mordus's ghost, amateur TrMo

#.....# #..........
#.....# #.......<.. #
#.....# #..........
..# #.....#
#.......... #..#
#.....####)########
......###.....#.)..#
..##............####
..#.....y.....##
#.......y@###........
###....yyy#...####.##
.{ .........y.......
.. ###.............
o..# #..............
...) #..............
#..#.......####.#.
#([o(......# .#
............#..# #


You could see 6 killer bees and an orc.


Message History

You hit the goblin. The goblin hits you but does no damage.
You hit the goblin.
You kill the goblin!
Lugonu accepts your kill. 😕 MP[+1]
Your mp is fully restored (9).
No target in view!
No target in view!
No target in view!
B - a bubbling amethyst potion You see here a +0 whip. 😎 HP[+3]
Your hp is fully restored (49).
Found a stone staircase leading down.
e - 96 stones (gained 1)
e - 97 stones (gained 1)
A ball python comes into view.
A ball python is nearby!
A ball python is nearby!
Your +2 hunting sling of freezing is covered in frost.
b - a +2 hunting sling of freezing (weapon)
The ball python hisses angrily.
Fire: 97 stones
Press: ? - help, Q - select action, (/) - cycle Shift-Dir - straight line, f - ball python
Aim: a ball python (57% to hit)
You shoot a stone. The stone hits the ball python.
The ball python seems to slow down.
The stone freezes the ball python.
Fire: 96 stones
Press: ? - help, Q - select action, (/) - cycle Shift-Dir - straight line, f/p - ball python
Aim: a ball python (severely wounded, slow, 55% to hit)
You shoot a stone. The stone hits the ball python.
The stone freezes the ball python.
You kill the ball python!
Lugonu accepts your kill.
You sense a monster nearby.
You sense a monster nearby.
A killer bee comes into view.
The killer bee buzzes angrily.
You hear an angry buzzing noise.
A killer bee comes into view. x3
An orc comes into view. It is wielding a +3 dagger.
The killer bee moves out of view. x2
You see here a stone.
Fire: 29 sling bullets
Press: ? - help, Q - select action, (/) - cycle Shift-Dir - straight line, f - killer bee
Aim: a killer bee (29% to hit)
You shoot a sling bullet.
The sling bullet closely misses the killer bee.
The orc shouts!
You hear an angry buzzing noise.
A killer bee comes into view. x2
An orc wizard comes into view. It is wielding a +0 dagger.
The killer bee moves out of view. x2
You hear an angry buzzing noise.
The killer bee buzzes angrily.
You hear a shout!
The killer bee stings you. 😕 HP[-5]
You take 5 damage, and now have 44/49 hp.
The killer bee buzzes angrily.
The killer bee stings you! 😕 HP[-7]
You take 7 damage, and now have 37/49 hp.
The killer bee barely misses you.
The killer bee stings you but does no damage. x2
The killer bee barely misses you. The killer bee stings you. 😮 HP[-4]
You take 4 damage, and now have 33/49 hp.
The killer bee stings you but does no damage.
You block the killer bee's attack.
The killer bee stings you but does no damage.
The killer bee stings you!
You are poisoned.
The killer bee poisons you!
The killer bee stings you but does no damage.
The killer bee stings you.
The killer bee stings you but does no damage.
The killer bee stings you.
* * * LOW HITPOINT WARNING * * *
You are more poisoned.
The killer bee poisons you! 😨 HP[-9]
You take 9 damage, and now have 24/49 hp.
Are you sure you want to shaft yourself?
* * * LOW HITPOINT WARNING * * *
You feel very sick. The killer bee barely misses you.
The killer bee stings you.
* * * LOW HITPOINT WARNING * * *
The killer bee stings you but does no damage.
The killer bee barely misses you. The killer bee stings you.
* * * LOW HITPOINT WARNING * * *
The killer bee stings you.
* * * LOW HITPOINT WARNING * * *
You are more poisoned.
The killer bee poisons you!
You begin to dig a shaft.
You continue digging a shaft.
* * * LOW HITPOINT WARNING * * *
You feel very sick.
The killer bee stings you but does no damage.
The killer bee stings you.
You die...

Skill      XL: |  1  2  3  4  5  6 |
---------------+-------------------+-----
Dodging        | 1 |  1.1
Evocations     | 1 2 |  2.5
Invocations    | 3 4 |  4.0
Armour         | 3 |  3.7
Fighting       | 4 |  4.5
Polearms       | 3 |  3.4

Action                   |  1- 3 |  4- 6 || total
-------------------------+-------+-------++-------
Melee: Spear             |   113 |   237 ||   350
 Fire: Hunting sling     |       |    23 ||    23
Invok: Bend Space        |       |     1 ||     1
 Abil: Dig               |       |     4 ||     4
       Shaft Self        |       |     1 ||     1
  Use: Potion            |       |     2 ||     2
Armor: Leather armour    |    29 |    11 ||    40
       Plate armour      |       |   103 ||   103
       Chain mail        |       |    17 ||    17
Dodge: Dodged            |    64 |    60 ||   124
Block: Buckler           |       |    10 ||    10

Levels and vault maps discovered:
D:1:      scummos_arrival_gate, layout_basic
D:2:      layout_loops_ring, basic_ecumenical_altar
D:3:      layout_basic, nicolae_sif_muna_condensation, serial_shops, shop,
          ebering_ghost_rock_garden, minmay_randomly_rotated_circles,
          uniq_robin, uniq_terence
D:4:      layout_rooms, nicolae_qazlal_scattered_showers, uniq_menkaure

Notes
Turn   | Place    | Note
-------+----------+-------------------------------------------
     0 | Abyss:1  | spiderkeys the Formicid Abyssal Knight began the quest for
                  | the Orb.
     0 | Abyss:1  | Reached XP level 1. HP: 18/18 MP: 2/2
     0 | Abyss:1  | magus.rc [v1.9.10]
    45 | Abyss:1  | Found a corrupted altar of Lugonu.
   114 | D:1      | You pass through the gate.
   114 | D:1      | Escaped the Abyss
   240 | D:1      | Reached skill level 1 in Dodging
   318 | D:1      | Reached XP level 2. HP: 24/24 MP: 3/3
   551 | D:1      | Reached XP level 3. HP: 20/29 MP: 4/4
  1413 | D:1      | Reached ** piety under Lugonu
  1570 | D:2      | Reached skill level 1 in Evocations
  1570 | D:2      | Reached XP level 4. HP: 33/37 MP: 6/6
  1804 | D:2      | Found a faded altar of an unknown god.
  1932 | D:2      | Reached skill level 3 in Invocations
  1939 | D:2      | HP: 7/37 [goblin (3)]
  1942 | D:2      | HP: 3/37 [goblin (4)]
  2719 | D:3      | Noticed Terence
  2887 | D:3      | Found a runed translucent gate.
  2887 | D:3      | Found a runed translucent gate.
  2887 | D:3      | Found a runed translucent gate.
  2922 | D:3      | Reached XP level 5. HP: 42/42 MP: 7/7
  2928 | D:3      | Noticed Robin
  2930 | D:3      | Reached skill level 3 in Armour
  2979 | D:3      | Killed Robin
  2980 | D:3      | Reached skill level 4 in Fighting
  3391 | D:3      | Found a shimmering blue altar of Sif Muna.
  3420 | D:3      | Found Pextiudo's Weapon Shop.
  3577 | D:3      | Reached *** piety under Lugonu
  3868 | D:3      | Noticed mordus's ghost (amateur TrMo)
  3873 | D:3      | Reached skill level 3 in Polearms
  4371 | D:3      | HP: 10/42 [Terence (4)]
  4382 | D:3      | Killed Terence
  4383 | D:3      | Reached skill level 2 in Evocations
  4648 | D:4      | Found a stormy altar of Qazlal.
  4648 | D:4      | Noticed Menkaure
  4712 | D:4      | Killed Menkaure
  4713 | D:4      | Reached XP level 6. HP: 29/49 MP: 8/8
  4852 | D:4      | Reached skill level 4 in Invocations
  4903 | D:4      | HP: 12/49 [killer bee (2)]
  4904 | D:4      | HP: 5/49 [poisoned by a killer bee]
  4904 | D:4      | Slain by a killer bee

Vanquished Creatures
  Menkaure (D:4)
  A hound (D:4)
  Terence (D:3)
  Robin (D:3)
  5 adders
  A worm (D:3)
  3 dart slugs
  An orc (D:3)
  3 ball pythons
  3 bats
  8 endoplasms
  3 giant cockroaches
  19 goblins
  12 hobgoblins
  9 jackals
  3 kobolds
  4 quokkas
  5 frilled lizards
  9 rats
92 creatures vanquished.

Table legend:
 A = Non-vault XP
 B = Vault XP
 C = Vault XP percentage of total XP
 D = Non-vault monster count
 E = Vault monster count
 F = Vault count percentage of total count
                 A         B        C        D         E       F
            +---------+---------+-------+---------+---------+-------
      Total |     234 |     247 |  51.4 |      73 |      19 |  20.7
            +---------+---------+-------+---------+---------+-------
        D:1 |      57 |       0 |   0.0 |      30 |       0 |   0.0
        D:2 |      54 |       0 |   0.0 |      18 |       0 |   0.0
        D:3 |      70 |      82 |  53.9 |      19 |      18 |  48.6
        D:4 |      53 |     165 |  75.7 |       6 |       1 |  14.3
            +---------+---------+-------+---------+---------+-------

Illustrated notes

Table legend:
 A = Kills in this place as a percentage of kills in entire the game.
 B = Kills by you in this place as a percentage of kills by you in the entire game.
 C = Kills by friends in this place as a percentage of kills by friends in the entire game.
 D = Other kills in this place as a percentage of other kills in the entire game.
 E = Experience gained in this place as a percentage of experience gained in the entire game.
 F = Experience gained in this place divided by the number of levels of this place that you have seen.
                   A       B       C       D       E      F
               +-------+-------+-------+-------+-------+----------------------
         Total | 100.0 | 100.0 |   N/A |   N/A | 100.0 |  96.2
       Dungeon | 100.0 | 100.0 |   N/A |   N/A | 100.0 | 120.2
               +-------+-------+-------+-------+-------+----------------------

Table legend: (Time is in decaauts)
 A = Elapsed time spent in this place.
 B = Non-inter-level travel time spent in this place.
 C = Inter-level travel time spent in this place.
 D = Time resting spent in this place.
 E = Time spent auto-exploring this place.
 F = Levels seen in this place.
 G = Mean time per level.
                   A        B        C        D        E       F      G
               +--------+--------+--------+--------+--------+-----+--------+
         Total |   4903 |   4798 |    105 |    567 |   3286 |   5 |  980.6 |
       Dungeon |   4789 |   4684 |    105 |    567 |   3233 |   4 | 1197.2 |
         Abyss |    114 |    114 |      0 |      0 |     53 |   1 |  114.0 |
               +--------+--------+--------+--------+--------+-----+--------+

Top non-repeatable levels by time:
     D:3: 1948 daAuts
     D:1: 1431 daAuts
     D:2: 1164 daAuts
     D:4: 244 daAuts
 Abyss:1: 114 daAuts
